 Dungeon Crawl Stone Soup version 0.28.0-53-g5a82cb258f (webtiles) character file.

Game seed: 14259038983089830275

21 pkoi the Gusty (level 2, 0/20 HPs)
             Began as a Demigod Air Elementalist on May 31, 2022.
             Succumbed to an adder's poison
             ... on level 1 of the Dungeon.
             The game lasted 00:01:28 (1482 turns).

pkoi the Gusty (Demigod Air Elementalist)           Turns: 1482, Time: 00:01:28

Health: 0/20       AC:  2    Str:  9    XL:     2   Next: 45%
Magic:  3/7        EV: 16    Int: 17    God:
Gold:   57         SH:  0    Dex: 14    Spells: 3/4 levels left

rFire   . . .      SeeInvis .   c - +0 whip
rCold   + . .      Faith    .   (no shield)
rNeg    . . .      Spirit   .   a - +0 robe
rPois   .          Reflect  .   (no helmet)
rElec   .          Harm     .   (no cloak)
rCorr   .          Rampage  .   (no gloves)
Will    .....                   (no boots)
Stlth   ++........              (no amulet)
HPRegen 0.06/turn               b - +4 ring of evasion
MPRegen 0.10/turn               (no ring)

@: mighty, lethally poisoned (0 -> -2)
A: high MP 1, forlorn, divine attributes, fangs 1, cold resistance 1
a: no special abilities


You were on level 1 of the Dungeon.
You visited 1 branch of the dungeon, and saw 2 of its levels.

You collected 57 gold pieces.

Inventory:

Hand Weapons
 c - a +0 whip (weapon)
Armour
 a - a +0 robe (worn)
Jewellery
 b - a +4 ring of evasion (left hand)
Scrolls
 f - a scroll of enchant armour {unknown}
 g - a scroll of enchant weapon {unknown}


   Skills:
 - Level 1.7 Dodging
 - Level 1.7 Stealth
 - Level 1.7 Spellcasting
 - Level 0.8 Conjurations
 + Level 3.6 Air Magic


You had 3 spell levels left.
You knew the following spells:

 Your Spells              Type           Power      Damage    Failure   Level
a - Shock                 Conj/Air       36%        1d5       8%          1

Your spell library contained the following spells:

 Spells                   Type           Power      Damage    Failure   Level
 Static Discharge         Conj/Air       9%         N/A       12%         2
 Swiftness                Air            13%        N/A       14%         3
 Airstrike                Air            6%         N/A       41%         4


Dungeon Overview and Level Annotations

Branches:
Dungeon (2/15)


Innate Abilities, Weirdness & Mutations

You have an increased reservoir of magic. (+10% MP)
You shall have no god before yourself.
Your divine heritage dramatically boosts your attributes as you level up.
You have very sharp teeth.
Your flesh is cold resistant. (rC+)


Message History

You feel sick. The adder barely misses you.
You feel sick.
You feel sick. The adder barely misses you.
You feel sick.
You feel sick.
You are no longer poisoned.
The adder bites you.
* * * LOW HITPOINT WARNING * * *
You are lethally poisoned!
The adder poisons you!
* * * LOW HITPOINT WARNING * * *
You feel sick.
Aiming: Shock (safe; 8% risk of failure)
Press: ? - help, Q - select action Shift-Dir - straight line, f - adder
Aim: an adder (lightly wounded, 48% to hit)
The zap hits the adder.
The adder is heavily wounded.
The zap hits the frilled lizard.
You kill the frilled lizard!
The zap hits the adder.
The adder is moderately wounded.
* * * LOW HITPOINT WARNING * * *
You feel sick. The adder barely misses you.
Unknown command.
It was a potion of mutation.
You feel extremely strange.
You feel resistant to cold.
Your teeth lengthen and sharpen.
* * * LOW HITPOINT WARNING * * *
You feel sick. The adder closely misses you. The adder misses you.
It was a potion of might.
You feel very mighty all of a sudden.
* * * LOW HITPOINT WARNING * * *
You feel sick. The adder closely misses you.
Unknown command.
Aiming: Shock (safe; 8% risk of failure)
Press: ? - help, Q - select action Shift-Dir - straight line, f/p - adder
Aim: an adder (heavily wounded, 48% to hit)
The zap hits the adder.
The adder is almost dead.
The zap misses the adder.
You die...

#......# #..(....# #......#
#.......# ##########......#
#.......##
##...#...##).....#####...>.....
##.........#....................
##.............................##
#..............#S#######.......#
#............###S# #.......#
#.....)........#@## #########
.......#..........# #####
#.....####......#.######...#
#.....# #.........#.....#.######
####.## #.....#.........^.##....
####..## #.....#..............##.
#..##..# #.....†.#.......#######.
#...##.# #......##......## #.
#.#.##.# ###...)).......# #.


You could see 2 adders.

Vanquished Creatures
  5 bats (D:1)
  2 endoplasms (D:1)
  3 goblins (D:1)
  3 kobolds (D:1)
  A quokka (D:1)
  A ball python (D:1)
  2 frilled lizards (D:1)
  3 rats (D:1)
20 creatures vanquished.

Notes
Turn   | Place    | Note
-------+----------+-------------------------------------------
     0 | D:1      | pkoi the Demigod Air Elementalist began the quest for the
                  | Orb.
     0 | D:1      | Reached XP level 1. HP: 14/14 MP: 5/5
   348 | D:1      | Reached skill level 3 in Air Magic
   838 | D:1      | Reached XP level 2. HP: 20/20 MP: 4/7
  1480 | D:1      | Gained mutation: Your flesh is cold resistant. (rC+)
                  | [potion of mutation]
  1480 | D:1      | Gained mutation: You have very sharp teeth. [potion of
                  | mutation]
  1481 | D:1      | HP: 1/20 [poisoned by an adder]
  1482 | D:1      | Succumbed to an adder's poison

Illustrated notes

Levels and vault maps discovered:
D:1:      amcnicky_arrival_flooded_fountain, layout_rooms
D:2:      layout_rooms, chequers_serial_rivers_micro_c

Skill      XL: |  1 |
---------------+----+-----
Air Magic      | 3 |  3.6
Dodging        | |  1.7
Stealth        | |  1.7
Spellcasting   | |  1.7
Conjurations   | |  0.8

Action                   || total
-------------------------++-------
Melee: Whip              ||    10
 Cast: Shock             ||    43
  Use: Potion            ||     2
Armor: Robe              ||     2
Dodge: Dodged            ||    24
